 Dungeon Crawl Stone Soup version 0.21-a0-104-g7b58145 (webtiles) character file.

21 tof the Twirler (level 2, -2/23 HPs)
             Began as a Demonspawn Gladiator on July 6, 2017.
             Slain by a goblin
             ... wielding a +0 dagger
             ... led by Robin
              (3 damage)
             ... on level 1 of the Dungeon.
             The game lasted 00:02:32 (1250 turns).

tof the Twirler (Demonspawn Gladiator)              Turns: 1250, Time: 00:02:33

Health: -2/23      AC:  4    Str: 14    XL:     2   Next: 65%
Magic:  2/2        EV: 12    Int:  9    God:
Gold:   75         SH:  0    Dex: 14    Spells: 1/1 levels left

rFire    . . .     SeeInvis .   a - +0 quarterstaff
rCold    . . .     Gourm    .   (shield currently unavailable)
rNeg     . . .     Faith    .   b - +0 leather armour
rPois    .         Spirit   .   c - +0 helmet
rElec    .         Reflect  .   (no cloak)
rCorr    .         Harm     .   (no gloves)
MR       .....                  (no boots)
Stlth    ..........             (no amulet)
HPRegen  0.07/turn              e - ring of loudness (curse)
MPRegen  0.08/turn              (no ring)

@: no status effects
A: talons 1
a: no special abilities


You were on level 1 of the Dungeon.
You were not hungry.

You visited 1 branch of the dungeon, and saw 2 of its levels.

You collected 75 gold pieces.

Inventory:

Hand Weapons
 a - a +0 quarterstaff (weapon)
Missiles
 d - 3 throwing nets (quivered)
Armour
 b - a +0 leather armour (worn)
 c - a +0 helmet (worn)
Jewellery
 e - a cursed ring of loudness (left hand)
Scrolls
 h - a scroll of blinking {unknown}
 i - a scroll of fear {unknown}
 k - a scroll of immolation {unknown}
 m - a scroll of enchant armour {unknown}
 o - a scroll of remove curse {unknown}
Potions
 g - a potion of flight {unknown}
 j - a potion of brilliance {unknown}
 n - a potion of lignification {unknown}
Comestibles
 f - 2 bread rations
 l - a meat ration


   Skills:
 + Level 2.3 Fighting
 * Level 3.0 Staves
 + Level 2.0 Throwing
 + Level 0.5 Armour
 + Level 2.8 Dodging


You had one spell level left.
You didn't know any spells.

Dungeon Overview and Level Annotations

Branches:
Dungeon (2/15)

Altars:

Annotations:
D:2 Robin


Innate Abilities, Weirdness & Mutations

You have sharp toenails.


Message History

There is a stone staircase leading down here.
You hit the goblin.
You kill the goblin!
The goblin hits you but does no damage. The goblin hits you with a dagger.
The quokka barely misses you. The goblin barely misses you.
You hit the hobgoblin. Your kick misses the hobgoblin.
The hobgoblin is almost dead.
The quokka closely misses you. The goblin hits you with a dagger.
The goblin hits you but does no damage. The hobgoblin hits you with a club.
* * * LOW HITPOINT WARNING * * *
The goblin barely misses you.
You closely miss the hobgoblin.
You claw the hobgoblin, but do no damage.
The hobgoblin is almost dead.
The quokka bites you.
* * * LOW HITPOINT WARNING * * *
The goblin hits you but does no damage. x2
The hobgoblin completely misses you. The goblin completely misses you.
The quokka misses you. The goblin hits you with a dagger.
You die...

#.# #.# #.# #.#
####.### #....รท.# ####
#####.##.#.# #...
...........########
#.##
#####.##.......r@g#####
##.#.
#.#....####gggg...#
#.... #......#
#.#.###.# ###....
#.#....# #.#.###.#
#...>.. #......#
#.#..##.# #...... ###
####.### #.##.##.#
#...... ..# #.#
#.##.##.# ###...# #.#
##'## #.......# #...#
..# ##...## ####.####
##.##


You could see a quokka, 2 hobgoblins and 3 goblins.

Vanquished Creatures
  A dart slug (D:1)
  A leopard gecko (D:1)
  2 hobgoblins (D:1)
  2 ball pythons (D:1)
  A frilled lizard (D:1)
  3 goblins (D:1)
  6 kobolds (D:1)
  5 rats (D:1)
21 creatures vanquished.

Notes
Turn   | Place    | Note
-------+----------+-------------------------------------------
     0 | D:1      | tof the Demonspawn Gladiator began the quest for the Orb.
     0 | D:1      | Reached XP level 1. HP: 16/16 MP: 1/1
   437 | D:1      | Gained mutation: You have sharp toenails. [demonic ancestry]
   437 | D:1      | Reached XP level 2. HP: 21/22 MP: 2/2
   569 | D:1      | Reached skill level 3 in Staves
  1093 | D:2      | Noticed Robin
  1250 | D:1      | HP: 1/23 [quokka (5)]
  1250 | D:1      | Slain by a goblin

Vault maps used:
D:1:      dpeg_arrival_another_circle
D:2:      chequers_ecumenical_altar_simple_redux, kennysheep_generic_room_7,
          uniq_robin

Skill      XL: |  1  2 |
---------------+-------+-----
Throwing       | 2 |  2.0
Staves         | 3 |  3.0
Fighting       | |  2.3
Armour         | |  0.5
Dodging        | |  2.8

Action                   || total
-------------------------++-------
Melee: Quarterstaff      ||    52
       Kick              ||     3
  Eat: Chunk             ||     1
Armor: Leather armour    ||    14
Dodge: Dodged            ||    54
